 Dungeon Crawl Stone Soup version 0.16-a0-1784-gf5591c9 (webtiles) character file.

235 Gorice the Cutter (level 5, -2/38 HPs)
             Began as a Demonspawn Wanderer on Nov 1, 2014.
             Was an Initiate of Okawaru.
             Slain by a rat (3 damage)
             ... in a sewer.
             The game lasted 00:19:48 (2732 turns).

Gorice the Cutter (Demonspawn Wanderer)             Turns: 2732, Time: 00:19:48

Health: -2/38      AC:  4    Str: 11    XL:     5   Next: 76%
Magic:  5/5        EV: 12    Int: 14    God:    Okawaru [......]
Gold:   88         SH:  0    Dex: 14    Spells: 0 memorised, 4 levels left

rFire  . . .     SeeInvis .     a - +1 short sword (flame)
rCold  . . .     Clarity  .     e - +0 robe
rNeg   . . .     SustAb   .     (no shield)
rPois  .         Gourm    .     (no helmet)
rElec  .         Spirit   .     o - +1 cloak
rCorr  .         Warding  .     (no gloves)
rMut   .         Stasis   .     (no boots)
MR     .....                    (no amulet)
Stlth  ++........               (no ring)
                                (no ring)

@: not resistant to hostile enchantments, unstealthy
A: claws 1, talons 1
a: Renounce Religion


You were in a sewer.
You worshipped Okawaru.
Okawaru was noncommittal.
You were very hungry.

You visited 1 branch of the dungeon, and saw 3 of its levels.
You also visited: Sewer.

You collected 88 gold pieces.

Inventory:

Hand weapons
 a - a +1 short sword of flaming (weapon)
 b - a +2 dagger
 k - a +0 spear
 m - a +0 long sword
 x - a +0 greatsling
 y - a +0 spear
Missiles
 j - a javelin (quivered)
 Z - 37 stones
Armour
 e - a +0 robe (worn)
 o - a +1 cloak (worn)
Magical devices
 r - a wand of flame (15)
Scrolls
 l - a scroll of recharging
 n - a scroll of fog {unknown}
 w - a scroll of remove curse
Potions
 g - 2 potions of restore abilities
 h - a potion of agility {unknown}
 i - a potion of cancellation {unknown}
 p - a potion of might {unknown}
 t - a potion of heal wounds {unknown}
Books
 c - Gakol's Compendium of the Frostbite

   Spells                             Type                      Level
   Throw Frost                        Conjuration/Ice              2
   Ensorcelled Hibernation            Hexes/Ice                    2
 d - Ghis' Catalogue of Somewhere Else

   Spells                             Type                      Level
   Sandblast                          Earth                        1
   Passwall                           Transmutation/Earth          3
Comestibles
 f - 2 bread rations
 s - a slice of pizza


   Skills:
 - Level 2.0 Fighting
 * Level 3.6 Short Blades
 + Level 2.3 Dodging
 + Level 3.3 Stealth
   Level 1.7 Shields
   Level 1.7 Air Magic
   Level 1.0 Earth Magic


You had 4 spell levels left.
You didn't know any spells.

Dungeon Overview and Level Annotations

Branches:
Dungeon (3/15)

Altars:
Gozag
Okawaru


Innate Abilities, Weirdness & Mutations

You have sharp fingernails.
You have sharp toenails.


Message History

You hit the green rat. You burn the green rat.
You claw the green rat, but do no damage.
The green rat is almost dead.
The rat bites you but does no damage. x2
The green rat barely misses you.
You closely miss the green rat.
The green rat is almost dead.
The rat barely misses you. The rat closely misses you. The green rat bites you.
* * * LOW HITPOINT WARNING * * *
You closely miss the green rat.
You claw the green rat, but do no damage.
The green rat is severely wounded.
The rat bites you but does no damage. The rat bites you.
* * * LOW HITPOINT WARNING * * *
The green rat closely misses you.
You closely miss the green rat.
You claw the green rat, but do no damage.
The green rat is severely wounded.
The rat bites you.
You die...

#.....≈≈≈≈≈#
##....≈≈≈≈≈#. ##
####....≈≈≈≈≈... .##
#∩###...≈≈≈≈≈... ..#
#.###...≈≈≈≈≈... r.#
#..#....≈≈≈≈≈..# ..#
##......≈≈≈≈≈..###†.#
#......≈≈≈≈..(.#r..#
##......≈≈≈.((.@r(##
##.......≈≈.((..r.#
##.......(≈≈.((..(##
#.........≈≈..(..(#
..#.......≈(..(...#
.###......≈≈......##
∩###......≈≈.......##
###.......≈≈...##...#
##......≈≈≈..###...#


You could see a green rat and 2 rats.

Vanquished Creatures
  A big kobold (Sewer)
  3 green rats (Sewer)
  6 adders
  A worm (D:3)
  4 ball pythons
  2 bats (D:1)
  5 giant cockroaches
  6 hobgoblins
  6 jackals (D:1)
  7 giant newts
  5 goblins
  14 kobolds
  30 rats
90 creatures vanquished.

Notes
Turn   | Place    | Note
--------------------------------------------------------------
     0 | D:1      | Gorice, the Demonspawn Wanderer, began the quest for the Orb.
     0 | D:1      | Reached XP level 1. HP: 16/16 MP: 1/1
     0 | D:1      | Identified Gakol's Compendium of the Frostbite
     0 | D:1      | Identified Ghis' Catalogue of Somewhere Else
   186 | D:1      | Gained mutation: You have sharp fingernails. [demonic ancestry]
   186 | D:1      | Reached XP level 2. HP: 12/22 MP: 2/2
   812 | D:1      | Reached XP level 3. HP: 27/27 MP: 3/3
  1309 | D:2      | Found an iron altar of Okawaru.
  1462 | D:2      | Gained mutation: You have sharp toenails. [demonic ancestry]
  1462 | D:2      | Reached XP level 4. HP: 29/33 MP: 4/4
  1551 | D:2      | Found an opulent altar of Gozag.
  1870 | D:2      | Became a worshipper of Warmaster Okawaru
  1899 | D:3      | Found a glowing drain.
  1965 | Sewer    | Entered a sewer
  2137 | Sewer    | Noticed a big kobold
  2159 | Sewer    | Killed a big kobold
  2159 | Sewer    | Reached skill level 3 in Short Blades
  2159 | Sewer    | Reached XP level 5. HP: 16/38 MP: 5/5
  2296 | Sewer    | Acquired Okawaru's first power
  2731 | Sewer    | HP: 1/38 [rat (1)]
  2732 | Sewer    | Slain by a rat

Action                   |  1- 3 |  4- 6 || total
-------------------------+-------+-------++-------
Melee: Dagger            |    78 |    20 ||    98
       Short sword       |    51 |   135 ||   186
Throw: Stone             |    11 |    25 ||    36
       Javelin           |       |     6 ||     6
Invok: Heroism           |       |     1 ||     1
  Use: Scroll            |     5 |     5 ||    10
       Potion            |       |     2 ||     2
 Stab: Sleeping          |     1 |     2 ||     3
  Eat: Chunk             |     2 |     3 ||     5
